 Dungeon Crawl Stone Soup version 0.31.0-32-g396128a36d (webtiles) character file.

Game seed: 17365294935717090534

45 mainiacjoe the Caller (level 3, -1/21 HPs)
             Began as an Octopode Summoner on Mar 26, 2024.
             Slain by a hobgoblin (3 damage)
             ... on level 2 of the Dungeon.
             The game lasted 00:03:19 (1408 turns).

mainiacjoe the Caller (Octopode Summoner)           Turns: 1408, Time: 00:03:19

Health: -1/21      AC:  1    Str:  7    XL:     3   Next: 64%
Magic:  2/6        EV: 13    Int: 19    God:
Gold:   76         SH:  0    Dex: 12    Spells: 2/6 levels left

rFire   . . .        a - +0 spear
rCold   . . .        (no shield)
rNeg    . . .        (helmet restricted)
rPois   .            (no amulet)
rElec   .            (no ring)
rCorr   .            (no ring)
SInv    .            (no ring)
Will    .....        (no ring)
Stlth   +++          (no ring)
HPRegen 0.23/turn    (no ring)
MPRegen 0.10/turn    (no ring)
                     (no ring)

%: no passive effects
@: no status effects
A: almost no armour, amphibious, 8 rings, camouflage 1, gelatinous body 1,
(nimble swimmer 1), tentacles
a: no special abilities


You were on level 2 of the Dungeon.
You visited 1 branch of the dungeon, and saw 2 of its levels.

You collected 76 gold pieces.

Inventory:

Hand Weapons
 a - a +0 spear (weapon)
 b - a +0 hand axe
Missiles
 c - 7 stones
Scrolls
 e - a scroll of identify
Potions
 d - a potion of magic
 f - a potion of resistance


   Skills:
 - Level 2.0 Dodging
 - Level 2.6 Stealth
 - Level 2.0 Spellcasting
 + Level 5.2 Summonings


You had 2 spell levels left.
You knew the following spells:

 Your Spells              Type           Power      Damage    Failure   Level
a - Summon Small Mammal   Summ           88%        N/A       1%          1
c - Call Canine Familiar  Summ           22%        N/A       6%          3

Your spell library contained the following spells:

 Spells                   Type           Power      Damage    Failure   Level
 Call Imp                 Summ           44%        N/A       3%          2
 Summon Blazeheart Golem  Fire/Summ      11%        N/A       50%         4
 Summon Lightning Spire   Summ/Air       11%        N/A       50%         4


Dungeon Overview and Level Annotations

Branches:
Dungeon (2/15)

Altars:


Innate Abilities, Weirdness & Mutations

You cannot wear most types of armour.
You are amphibious.
You can wear up to eight rings at the same time.
Your skin changes colour to match your surroundings (Stealth+).
Your rubbery body absorbs attacks. (AC +1, EV +1)
((You are camouflaged when in or above water. (Stealth+)))
You have tentacles for arms and can constrict up to eight enemies at once.


Message History

The orc dies!
The orc barely misses you.
Your rat barely misses the hobgoblin.
Your bat barely misses the hobgoblin.
The hobgoblin closely misses your rat.
Your rat bites the hobgoblin.
You closely miss the orc. Your grab misses the orc.
Your bat closely misses the hobgoblin.
Your bat hits the orc. The hobgoblin closely misses your rat.
Your rat closely misses the hobgoblin.
The orc barely misses you. The orc closely misses your bat.
The orc closely misses your rat.
You barely miss the orc. Your grab misses the orc. You squeeze the orc.
The orc is moderately wounded.
Your bat hits the orc. x2; The hobgoblin hits your rat.
Your rat completely misses the hobgoblin.
The orc barely misses you.
The orc hits your rat with a +0 hand axe.
Your rat dies!
Your rat's corpse disappears in a puff of smoke!
The orc hits your bat with a +0 hand axe.
Your bat dies!
Your bat's corpse disappears in a puff of smoke!
You closely miss the orc. Your grab misses the orc. You tentacle-slap the orc.
Your squeeze misses the orc.
The orc is severely wounded.
The orc barely misses you.
You hit the orc but do no damage. You grab the orc.
The orc is severely wounded.
You constrict the orc. The hobgoblin hits you.
* * * LOW HITPOINT WARNING * * *
The orc misses you.
You hit the orc.
You kill the orc!
The hobgoblin barely misses you.
Casting: Summon Small Mammal (safe; 1% risk of failure)
Confirm with . or Enter, or press ? or * to list all spells.
The hobgoblin hits you.
* * * LOW HITPOINT WARNING * * *
You closely miss the hobgoblin. Your grab misses the hobgoblin.
The hobgoblin is moderately wounded.
The hobgoblin hits you.
You die... ###### . ### #....# .. .....###.g@.# ... '''''.)'))..# .... .. '''''.##..r.#..... #... ''_'' #..†......# ##... '''' #....#.....# ..#.. '''+

#....#......###...#.
.....###....#.....#...#...#
.#......#####....#.....#..#
######....##...........###


You could see a hobgoblin (ally target) and a friendly quokka (summoned).

Vanquished Creatures
  3 orcs (D:2)
  5 bats
  2 endoplasms (D:1)
  2 giant cockroaches (D:1)
  A quokka (D:1)
  A kobold (D:1)
  A rat (D:2)
15 creatures vanquished.

Vanquished Creatures (collateral kills)
  An adder (D:2)
  An orc (D:2)
  A ball python (D:1)
  A bat (D:1)
  4 endoplasms
  A hobgoblin (D:1)
  A quokka (D:2)
  3 kobolds
13 creatures vanquished.

Grand Total: 28 creatures vanquished

Notes
Turn   | Place    | Note
-------+----------+-------------------------------------------
     0 | D:1      | mainiacjoe the Octopode Summoner began the quest for the
                  | Orb.
     0 | D:1      | Reached XP level 1. HP: 11/11 MP: 3/3
   435 | D:1      | Reached XP level 2. HP: 17/17 MP: 5/5
  1122 | D:2      | Reached XP level 3. HP: 21/21 MP: 3/6
  1126 | D:2      | Learned a level 3 spell: Call Canine Familiar
  1295 | D:2      | Reached skill level 5 in Summonings
  1384 | D:2      | Found a faded altar of an unknown god.
  1408 | D:2      | Slain by a hobgoblin

Illustrated notes

Levels and vault maps discovered:
D:1:      ebering_trefoil_3fold, layout_basic
D:2:      layout_basic, hellmonk_ecumenical_altar_heavens_door, nrook_campfire,
          minmay_splitting_lines, grunt_decor_cap

Skill      XL: |  1  2  3 |
---------------+----------+-----
Summonings     | 5 |  5.2
Dodging        | |  2.0
Stealth        | |  2.6
Spellcasting   | |  2.0

Action                     || total
---------------------------++-------
  Melee: Unarmed           ||     7
         Hand axe          ||    22
         Constrict         ||    12
         Punch             ||     2
         Spear             ||    20
         Tentacles         ||     3
   Cast: Summon Small Mamm ||    35
         Call Canine Famil ||     2
    Use: Scroll            ||     5
   Stab: Sleeping          ||     3
         Distracted        ||     1
 Armour: Skin              ||    32
  Dodge: Dodged            ||    37
